AoeStats
← 88888

Arena

510290479Analyzed
4v4 RM · 1d ago on Sep 30, 2026· 43m 15s· 8 players
Game mode
Random Map
Map size
Large (8 player)
Population
200
Speed
Normal
Resources
Standard
Victory
Conquest
Starting age
Dark Age
Ending age
Imperial Age
RankedLock teamsTeams togetherTeam positionsShared explorationLock speedFull tech treeHidden civsTurbo modeCheats
Victory
Defeat
🇨🇳 Danes · China
1066
+15
🇹🇼 Persians · Taiwan
1060
+15
🇫🇷 Mongols · France
1056
+16
🇵🇱 Hindustanis · Poland
998
+18
🇬🇧 Persians · United Kingdom
1056
-16
🇹🇷 Franks · Türkiye
1048
-16
🇺🇦 Bohemians · Ukraine
1041
-16
🇧🇷 Khmer · Brazil
1040
-16
Lucious
10:05 Feudal Age
15:40 Castle Age
21:36 Stone Mining
24:12 Wheelbarrow
24:57 Loom
25:35 Hand Cart
31:59 Double-Bit Axe
32:11 Gold Mining
34:15 Gold Shaft Mining
39:00 Imperial Age
36:34 Town Watch
38:17 Husbandry
37:39 Light Cavalry
toby
10:08 Feudal Age
14:34 Castle Age
12:44 Double-Bit Axe
15:42 Horse Collar
18:53 Wheelbarrow
21:14 Heavy Plow
21:28 Bow Saw
23:06 Gold Mining
23:33 Loom
24:04 Hand Cart
26:43 Stone Mining
27:28 Gold Shaft Mining
29:44 Imperial Age
27:58 Town Watch
31:04 Chemistry
30:42 Bloodlines
30:33 Husbandry
29:53 Cavalier
31:02 Forging
30:58 Scale Barding Armor
32:48 Two-Man Saw
32:23 Crop Rotation
32:17 Light Cavalry
34:35 Conscription
35:32 Iron Casting
35:17 Chain Barding Armor
34:58 Padded Archer Armor
35:32 Savar
KabaH4iK
10:57 Feudal Age
14:51 Castle Age
12:38 Horse Collar
12:49 Double-Bit Axe
13:05 Horse Collar
16:34 Wheelbarrow
15:49 Loom
20:51 Bow Saw
21:06 Heavy Plow
22:45 Scale Mail Armor
23:25 Forging
22:50 Pikeman
24:39 Squires
26:25 Hand Cart
27:27 Iron Casting
27:24 Chain Mail Armor
30:10 Chemistry
29:30 Ballistics
32:43 Imperial Age
30:38 Fletching
31:53 Bodkin Arrow
31:59 Padded Archer Armor
32:15 Arson
33:03 Halberdier
36:41 Blast Furnace
36:15 Plate Mail Armor
37:24 Conscription
39:37 Houfnice
TT
1:20 Loom
14:04 Feudal Age
14:48 Town Watch
17:05 Castle Age
15:26 Horse Collar
15:34 Double-Bit Axe
21:56 Imperial Age
25:16 Wheelbarrow
29:42 Hand Cart
29:50 Capped Ram
32:10 Ballistics
34:01 Chemistry
34:01 Murder Holes
36:25 Pikeman
37:40 Scale Mail Armor
38:36 Forging
38:38 Heavy Plow
38:44 Halberdier
39:25 Fletching
Special Air (SAS)
10:50 Feudal Age
15:52 Castle Age
14:05 Double-Bit Axe
14:02 Horse Collar
19:31 Bow Saw
20:15 Wheelbarrow
21:37 Husbandry
21:51 Bloodlines
22:56 Hand Cart
22:40 Loom
25:17 Heavy Plow
33:01 Imperial Age
31:05 Forging
31:00 Scale Barding Armor
30:54 Stone Mining
31:00 Gold Mining
31:44 Husbandry
33:55 Iron Casting
33:41 Chain Barding Armor
34:46 Chemistry
33:41 Heavy Camel Rider
34:39 Padded Archer Armor
36:12 Imperial Camel Rider
37:43 Plate Barding Armor
39:16 Grand Trunk Road
39:37 Conscription
我的哈哈哈
10:28 Feudal Age
11:21 Double-Bit Axe
11:24 Horse Collar
11:45 Loom
14:15 Castle Age
13:29 Scale Mail Armor
16:37 Wheelbarrow
18:45 Loom
19:55 Bow Saw
20:04 Heavy Plow
23:03 Town Watch
26:50 Imperial Age
25:53 Chain Mail Armor
26:04 Gold Mining
26:52 Stone Mining
29:34 Chemistry
29:04 Forging
30:47 Gold Shaft Mining
31:59 Plate Mail Armor
31:58 Siege Engineers
31:38 Hamask
33:25 Iron Casting
33:14 Masonry
33:27 Elite Jomsviking
33:28 Northmen's Fury
36:46 Hand Cart
37:38 Ballistics
38:16 Conscription
38:41 Stone Shaft Mining
39:50 Blast Furnace
38:58 Squires
38:43 Arson
38:44 Gambesons
88888
10:14 Feudal Age
16:43 Castle Age
14:49 Loom
14:53 Double-Bit Axe
15:06 Horse Collar
22:57 Wheelbarrow
22:34 Bow Saw
24:12 Heavy Plow
29:18 Imperial Age
27:33 Stone Mining
27:35 Gold Mining
28:16 Forging
28:11 Scale Barding Armor
29:36 Iron Casting
29:06 Scale Barding Armor
30:21 Hand Cart
30:57 Crop Rotation
31:53 Blast Furnace
32:21 Conscription
32:25 Chain Barding Armor
32:09 Husbandry
32:19 Bloodlines
32:35 Elite War Elephant
34:19 Plate Barding Armor
35:43 Stone Shaft Mining
35:45 Gold Shaft Mining
36:12 Fletching
39:26 Ballistics
39:01 Murder Holes
Morgoth_Ak
10:53 Feudal Age
11:04 Loom
14:27 Castle Age
12:34 Double-Bit Axe
14:26 Stone Mining
19:44 Loom
21:26 Bow Saw
20:58 Horse Collar
23:24 Wheelbarrow
25:13 Hand Cart
26:16 Gold Mining
28:18 Heavy Plow
28:53 Nomads
28:44 Town Watch
28:59 Fletching
34:00 Imperial Age
33:01 Ballistics
32:43 Bodkin Arrow
32:48 Padded Archer Armor
32:54 Scale Barding Armor
32:49 Scale Mail Armor
33:00 Forging
32:14 Pikeman
32:55 Squires
36:08 Chemistry
35:30 Conscription
35:30 Drill
35:05 Capped Ram
36:14 Siege Ram
38:05 Leather Archer Armor
38:12 Chain Barding Armor
37:56 Husbandry
39:24 Elite Mangudai
40:44 Parthian Tactics
40:24 Thumb Ring
40:39 Chain Mail Armor
Connection lost

Rejoining the realm…

Still unreachable

The connection could not be restored.

Session expired

The server has moved on; the page needs a fresh start.